Description

Standard 1 Gate Expand into Oracle Example: https://lotv.spawningtool.com/33032/

Replay - Dark v lllllllllll - Abyssal Reef LE

Build Order

Get SALT Encoding   

  12  0:00  Probe  
  13  0:12  Probe  
  14  0:20  Pylon  
  14  0:24  Probe  
  15  0:38  Probe (Chrono Boost)  
  16  0:44  Gateway  
  16  0:47  Probe (Chrono Boost)  
  16  0:49  Assimilator  
  17  0:52  Probe (Chrono Boost)  
  18  1:04  Probe  
  19  1:16  Probe  
  20  1:20  Pylon  
  20  1:28  Probe  
  21  1:35  Nexus  
  21  1:42  Cybernetics Core  
  21  1:45  Probe  
  22  1:51  Assimilator  
  22  1:57  Pylon  
  24  2:18  Stargate  
  24  2:21  Adept  
  26  2:28  Warp Gate  
  28  2:49  Adept  
  33  2:58  Oracle (Chrono Boost)  
  36  3:12  Shield Battery  
  38  3:14  Assimilator  
  39  3:27  Phoenix (Chrono Boost)  
  43  3:35  Pylon  
  43  3:37  Assimilator  
  43  3:45  Oracle  
  48  4:01  Pylon  
  48  4:06  Stargate  
  52  4:22  Oracle  
  57  4:35  Zealot  
  61  4:49  Oracle (Chrono Boost)  
  64  4:56  Oracle (Chrono Boost)  
  67  5:02  Nexus  
  72  5:23  Oracle x2 (Chrono Boost)  
  72  5:27  Stalker  
  76  5:59  Twilight Council  
  76  6:00  Forge  
  78  6:04  Sentry  
  83  6:21  Robotics Facility  
  83  6:22  Nexus  
  83  6:29  Protoss Ground Weapons Level 1 (Chrono Boost), Blink  
  83  6:30  Sentry  
  90  6:42  Gateway x2  
  92  6:53  Gateway x2  
  92  7:04  Sentry  
  92  7:05  Gateway x2  
  97  7:41  Gateway x3  
  97  7:44  Observer (Chrono Boost)  
  101  7:47  Assimilator x2  
  101  7:48  Sentry x2  
  101  7:50  Photon Cannon  
  105  7:56  Warp Prism (Chrono Boost)  
  107  8:08  Sentry  
  107  8:09  Stalker x3  
  115  8:15  Photon Cannon  
  115  8:17  Nexus  
  115  8:18  Dark Shrine  
  115  8:23  Protoss Ground Weapons Level 2 (Chrono Boost)  
  115  8:24  Stalker x2  
  119  8:33  Observer  
  120  8:36  Stalker x4  
  128  8:51  Charge  
  140  9:01  Warp Prism  
Spawning Tool Build Advisor. Get it on Overwolf

Go to:

Details

  • Created by: maestros
  • Published on: Dec 25, 2017
  • Modified on: Dec 25, 2017
  • Patch: 4.0.0
Show
View Real Time Build Order
Export as new Build Order

Comments (0)

There are no comments. Be the first!

Create an account to comment!